 Dungeon Crawl Stone Soup version 0.18.1-8-gdd0e5ea (webtiles) character file.

413 georgeearnest the Insei (level 6, -2/53 HPs)
             Began as a Draconian Monk on May 27, 2016.
             Slain by a hound (3 damage)
             ... on level 5 of the Dungeon.
             The game lasted 00:09:12 (5934 turns).

georgeearnest the Insei (Draconian Monk)            Turns: 5934, Time: 00:09:13

Health: -2/53      AC:  6    Str: 12 (13) XL:     6   Next: 59%
Magic:  15/15      EV: 14    Int:  7 (10) God:
Gold:   55         SH:  0    Dex: 14 (16) Spells: 0 memorised, 5 levels left

rFire  . . .     SeeInvis .       - Unarmed
rCold  . . .     Gourm    .     (armour unavailable)
rNeg   . . .     Faith    .     (no shield)
rPois  .         Spirit   .     (helmet restricted)
rElec  .         Dismiss  .     (no cloak)
rCorr  .         Reflect  .     (no gloves)
SustAt .         Harm     .     (no boots)
MR     .....                    (no amulet)
Stlth  +++.......               r - ring of magical power
                                f - ring of stealth

@: lethally poisoned (-2 -> -8), flying, drained, not resistant to hostile
enchantments, fairly stealthy
A: unfitting armour, cold-blooded, AC +6
a: no special abilities


You were on level 5 of the Dungeon.
You were not hungry.

You visited 2 branches of the dungeon, and saw 6 of its levels.

You collected 251 gold pieces.
You spent 196 gold pieces at shops.

Inventory:

Jewellery
 f - a ring of stealth (left hand)
 r - a ring of magical power (right hand)
Wands
 q - a wand of acid (2/15)
Scrolls
 b - 2 scrolls of magic mapping {unknown}
 c - 2 scrolls of fog {unknown}
 e - 2 scrolls of fear {unknown}
 h - 3 scrolls of teleportation {unknown}
 i - a scroll of immolation {unknown}
 j - 3 scrolls of remove curse {unknown}
 m - a scroll of enchant weapon {unknown}
 n - 2 scrolls of random uselessness {unknown}
 o - a scroll of blinking {unknown}
 s - a scroll of identify {unknown}
Potions
 d - a potion of brilliance
 l - a potion of magic
 u - a potion of cure mutation {unknown}
Comestibles
 a - a meat ration
 g - 2 beef jerkies
 t - a bread ration


   Skills:
 + Level 4.3 Fighting
 + Level 4.8 Dodging
 + Level 3.2 Stealth
 + Level 5.3 Unarmed Combat


You had 5 spell levels left.
You didn't know any spells.

Dungeon Overview and Level Annotations

Branches:
Dungeon (5/15)             Temple (1/1) D:4

Altars:
Cheibriados
Dithmenos
Elyvilon
Fedhas
Kikubaaqudgha
Makhleb
Okawaru
Qazlal
Trog
Vehumet
Yredelemnul
Zin
The Shining One

Shops:
D:4 (*}=!

Annotations:
D:5 Menkaure


Innate Abilities, Weirdness & Mutations

Your plain brown scales are hard (AC +6).
Your body does not fit into most forms of armour.
You are cold-blooded and may be slowed by cold attacks.


Message History

You feel sick. The hound bites you.
* * * LOW HITPOINT WARNING * * *
The hound barely misses you.
You closely miss the hound.
Your tail-slap misses the hound.
The hound is severely wounded.
* * * LOW HITPOINT WARNING * * *
You feel sick. The hound barely misses you.
Drink which item? (? for menu, Esc to quit)
It was a potion of flight.
You feel very buoyant.
You fly up into the air.
* * * LOW HITPOINT WARNING * * *
You feel sick. The hound barely misses you.
Drink which item? (? for menu, Esc to quit)
It was a potion of degeneration.
There was something very wrong with that liquid.
You feel weakened.
You feel dopey.
You feel clumsy.
* * * LOW HITPOINT WARNING * * *
You feel sick. The hound bites you.
You die...

.. ###$ !.. #..
## ...####.##
..
.......<.##.#
......?.....###
l......?.##....
............###
....###h#####
...# #@# ..#
#†# .. #.# #.#
..# ###


You could see a hound.

Vanquished Creatures
  A wight (D:4)
  A centaur skeleton (D:4)
  A giant frog skeleton (D:4)
  Jessica (D:3)
  4 worker ants
  An orc wizard (D:3)
  A howler monkey skeleton (D:4)
  6 adders
  An ooze (D:4)
  2 worms (D:2)
  2 dart slugs (D:2)
  13 orcs
  5 giant cockroaches
  6 goblins
  9 hobgoblins
  2 jackals (D:3)
  A quokka (D:3)
  3 ball pythons
  12 bats
  A giant newt (D:2)
  7 kobolds
  7 rats
  A butterfly (D:4)
88 creatures vanquished.

Notes
Turn   | Place    | Note
--------------------------------------------------------------
     0 | D:1      | georgeearnest the Draconian Monk began the quest for the Orb.
     0 | D:1      | Reached XP level 1. HP: 19/19 MP: 1/1
   816 | D:1      | Reached XP level 2. HP: 26/26 MP: 2/2
  1572 | D:2      | Reached XP level 3. HP: 15/31 MP: 3/3
  2488 | D:2      | Reached XP level 4. HP: 39/39 MP: 4/4
  3037 | D:3      | Noticed Jessica
  3112 | D:3      | Killed Jessica
  3112 | D:3      | Reached XP level 5. HP: 24/46 MP: 5/5
  3856 | D:4      | Reached skill level 5 in Unarmed Combat
  4072 | D:4      | Found Edydymn's Weapon Shop.
  4087 | D:4      | Reached XP level 6. HP: 35/52 MP: 6/6
  4303 | D:4      | Found Guguxzof's Gadget Emporium.
  4311 | D:4      | Bought a wand of acid (2/15) for 168 gold pieces
  4335 | D:4      | Found Penopuy's Distillery.
  4560 | D:4      | Found a staircase to the Ecumenical Temple.
  4613 | D:4      | Found Xeso's Jewellery Shop.
  4731 | D:4      | Found Uhoo's Assorted Antiques.
  4734 | D:4      | Bought a scroll labeled KALOHA PARIL for 28 gold pieces
  5253 | Temple   | Entered the Ecumenical Temple
  5509 | D:5      | Entered Level 5 of the Dungeon
  5548 | D:5      | Found a blossoming altar of Fedhas.
  5554 | D:5      | Noticed Menkaure
  5933 | D:5      | HP: 2/53 [poisoned by a worker ant]
  5934 | D:5      | Slain by a hound

Skill      XL: |  1  2  3  4  5  6 |
---------------+-------------------+-----
Dodging        | 3 4 |  4.8
Stealth        | 2 3 |  3.2
Fighting       | 4 |  4.3
Unarmed Combat | 5 |  5.3

Action                   |  1- 3 |  4- 6 || total
-------------------------+-------+-------++-------
Melee: Unarmed           |   159 |   237 ||   396
       Tailslap          |    17 |    25 ||    42
       Punch             |     3 |     8 ||    11
  Use: Potion            |       |     8 ||     8
 Stab: Sleeping          |     5 |     9 ||    14
  Eat: Bread ration      |     2 |     1 ||     3
       Pizza             |       |     1 ||     1
       Beef jerky        |       |     1 ||     1
Armor: Skin              |    73 |    49 ||   122
Dodge: Dodged            |   132 |   152 ||   284
